Map: Ultralove

Players

llllllllllll - Winner!

  • Race: Protoss Protoss
  • League: Diamond
  • Spawn Location: 7:00

요한슨

  • Race: Zerg Zerg
  • League: Master
  • Spawn Location: 1:00

VOD

Have the link to the VOD?

Description

Time

  • Played on: April 25, 2025, 10:22 a.m.
  • Length: 5:07
Show
View Real Time Build Order
Export as new Build Order

llllllllllll Protoss - Winner!

Build Orders:  

Get SALT Encoding   

  12  0:00  Probe  
  13  0:12  Probe  
  14  0:19  Pylon  
  14  0:24  Probe  
  15  0:34  Probe  
  15  0:42  Probe  
  16  0:44  Gateway  
  16  0:48  Assimilator  
  17  0:52  Probe  
  19  1:04  Probe  
  19  1:16  Probe  
  20  1:22  Gateway  
  20  1:27  Assimilator  
  20  1:28  Pylon  
  22  1:36  Cybernetics Core  
  22  1:39  Zealot  
  22  1:43  Probe  
  22  1:46  Warp Gate  
  23  1:55  Probe  
  24  2:07  Probe  
  25  2:12  Adept x2  
  29  2:17  Pylon  
  29  2:36  Gateway  
  29  2:37  Gateway  
  29  2:42  Sentry x2  
  33  2:49  Pylon  
  33  3:01  Pylon  
  37  3:22  Shield Battery  
  33  3:35  Adept x4  
  41  3:51  Pylon  
  41  3:58  Sentry  
  41  3:59  Stalker, Sentry  
  41  4:00  Stalker  
  49  4:09  Pylon  
  49  4:25  Stalker x3  
  51  4:44  Stalker  
  51  4:52  Stalker x2  
  53  5:05  Stalker  
Show
View Real Time Build Order
Export as new Build Order

요한슨 Zerg 

Build Orders: 3 Hatch before Pool 

Get SALT Encoding   

  12  0:00  Drone  
  13  0:07  Drone  
  14  0:16  Drone, Extractor  
  15  0:21  Overlord  
  15  0:42  Hatchery  
  14  0:46  Drone  
  15  0:51  Drone  
  15  0:56  Drone  
  17  1:07  Drone  
  18  1:19  Hatchery  
  17  1:36  Spawning Pool, Drone  
  17  1:43  Drone x2  
  17  1:45  Extractor  
  18  1:51  Drone  
  19  1:54  Drone  
  20  2:02  Drone  
  21  2:13  Drone  
  21  2:14  Drone  
  23  2:17  Drone  
  24  2:25  Queen  
  24  2:27  Queen  
  28  2:32  Overlord  
  28  2:35  Drone  
  29  2:42  Drone x2  
  31  2:45  Overlord  
  31  2:50  Metabolic Boost  
  31  2:59  Roach Warren  
  31  3:00  Drone  
  31  3:02  Drone  
  31  3:04  Drone  
  33  3:06  Zergling x2  
  33  3:09  Zergling x2  
  35  3:18  Zergling x6  
  35  3:19  Overlord  
  38  3:21  Zergling x2  
  38  3:24  Evolution Chamber  
  38  3:28  Zergling x2  
  38  3:32  Evolution Chamber  
  36  3:42  Drone x4  
  36  3:44  Drone x3  
  43  3:52  Drone  
  43  3:55  Drone  
  45  4:00  Extractor  
  45  4:01  Overlord  
  44  4:04  Overlord  
  44  4:13  Roach x2  
  44  4:14  Roach x2  
  52  4:22  Roach  
  50  4:27  Extractor, Roach  
  51  4:37  Zergling x6, Overlord  
  49  4:39  Overlord  
Tags
 
Add a new tag
Caveats
  • Supply blocks, unpowered buildings, or Contaminate may cause inaccurate times.
  • Supply counts are checked every 10 seconds.